 Dungeon Crawl Stone Soup version 0.22-a0-247-gbddf880 (webtiles) character file.

83 MatthieuS the Vandal (level 4, -3/30 HPs)
             Began as a Halfling Hunter on Feb 25, 2018.
             Slain by a sky beast (6 damage)
             ... on level 3 of the Dungeon.
             The game lasted 00:04:31 (1772 turns).

MatthieuS the Vandal (Halfling Hunter)              Turns: 1772, Time: 00:04:32

Health: -3/30      AC:  6    Str: 13    XL:     4   Next: 71%
Magic:  4/4        EV: 12    Int:  9    God:
Gold:   113        SH:  0    Dex: 15    Spells: 3/3 levels left

rFire    . . .     SeeInvis .   a - +1 hunting sling
rCold    . . .     Gourm    .   (shield restricted)
rNeg     . . .     Faith    .   t - +0 scale mail
rPois    .         Spirit   .   (no helmet)
rElec    .         Reflect  .   (no cloak)
rCorr    .         Harm     .   (no gloves)
MR       .....                  (no boots)
Stlth    +.........             (no amulet)
HPRegen  0.10/turn              (no ring)
MPRegen  0.09/turn              (no ring)

@: no status effects
A: small, mutation resistance 1
a: no special abilities


You were on level 3 of the Dungeon.
You were not hungry.

You visited 1 branch of the dungeon, and saw 3 of its levels.

You collected 113 gold pieces.

Inventory:

Hand Weapons
 a - a +1 hunting sling (weapon)
 b - a +0 short sword
Missiles
 h - 68 stones (quivered)
Armour
 t - a +0 scale mail (worn)
Wands
 s - a wand of acid (5)
Scrolls
 k - a scroll of enchant weapon {unknown}
 l - a scroll of immolation {unknown}
 n - 2 scrolls of identify {unknown}
 q - a scroll of remove curse {unknown}
 u - a scroll of fear {unknown}
 v - a scroll of amnesia {unknown}
Potions
 c - a potion of flight {unknown}
 e - a potion of resistance {unknown}
 g - a potion of curing {unknown}
 i - a potion of haste {unknown}
 j - a potion of might {unknown}
 m - a potion of heal wounds {unknown}
 p - 3 potions of magic {unknown}
 r - a potion of degeneration {unknown}
Comestibles
 f - 10 rations
 o - 2 chunks of flesh


   Skills:
 + Level 2.3 Fighting
 + Level 6.4 Slings
 + Level 1.7 Armour
 + Level 2.9 Dodging
 + Level 2.3 Stealth


You had 3 spell levels left.
You didn't know any spells.

Dungeon Overview and Level Annotations

Branches:
Dungeon (3/15)

Altars:


Innate Abilities, Weirdness & Mutations

You are small and have problems with some larger weapons.
You are somewhat resistant to further mutation.


Message History

Press: ? - help, Shift-Dir - straight line, f/p - sky beast
Aim: a sky beast (severely wounded)
You shoot a stone. The stone hits the sky beast.
The sky beast is almost dead.
The sky beast barely misses you.
Firing (i - inventory)
h - 70 stones (quivered)
Press: ? - help, Shift-Dir - straight line, f/p - sky beast
Aim: a sky beast (almost dead)
You shoot a stone. The stone barely misses the sky beast.
The sky beast hits you. The sky beast shocks you.
* * * LOW HITPOINT WARNING * * *
Firing (i - inventory)
h - 69 stones (quivered)
Press: ? - help, Shift-Dir - straight line, f/p - sky beast
Aim: a sky beast (almost dead)
You shoot a stone. The stone hits the sky beast.
The sky beast is almost dead.
The sky beast hits you.
* * * LOW HITPOINT WARNING * * *
The sky beast shocks you.
You die...

#.÷..# ######### # ###.#####
...(#.. . ..# #...#.... #....#
.##.# #.###.### #####....#
..#.###.###.# # .........#
#.#......##.# # .......#.#
#.#......##.# #
...{.###Y###.#......##.# #
#### #.@...#......##.###
######### ####.........##....
#.......#######.#.......###...
####.#........÷.#..###### #...
#.#..#########[.# #...
###...#### .# ###.# ######.
#...........# #...#####<####.
#.###.#####.# #.#............
#.# #.# #<#.# #.#>...........


You could see a sky beast.

Vanquished Creatures
  2 adders (D:3)
  An ooze (D:3)
  A worm (D:2)
  2 dart slugs (D:1)
  2 leopard geckos
  An orc (D:3)
  3 giant cockroaches
  5 hobgoblins
  11 jackals
  8 bats
  A frilled lizard (D:1)
  4 goblins
  5 kobolds
  A rat (D:1)
47 creatures vanquished.

Notes
Turn   | Place    | Note
-------+----------+-------------------------------------------
     0 | D:1      | MatthieuS the Halfling Hunter began the quest for the Orb.
     0 | D:1      | Reached XP level 1. HP: 14/14 MP: 1/1
   192 | D:1      | Reached XP level 2. HP: 19/19 MP: 2/2
   405 | D:1      | Reached skill level 6 in Slings
   771 | D:2      | Reached XP level 3. HP: 24/24 MP: 3/3
   789 | D:2      | Reached skill level 1 in Armour
  1386 | D:3      | Reached XP level 4. HP: 28/29 MP: 4/4
  1751 | D:3      | Noticed a sky beast
  1772 | D:3      | Slain by a sky beast

Vault maps used:
D:1:      matt_arrival_grand_opening, minivault_19, eino_curves_04,
          grunt_decor_mini_mirrors
D:2:      nicolae_overflow_hidden_temple, first_ration, st_stairs_6

Skill      XL: |  1  2  3 |
---------------+----------+-----
Slings         | 6 |  6.4
Fighting       | 2 |  2.3
Armour         | 1 |  1.7
Stealth        | 2 |  2.3
Dodging        | |  2.9

Action                   |  1- 3 |  4- 6 || total
-------------------------+-------+-------++-------
 Fire: Hunting sling     |    91 |    71 ||   162
  Eat: Chunk             |     1 |     1 ||     2
Armor: Leather armour    |     1 |       ||     1
       Ring mail         |     9 |       ||     9
       Scale mail        |       |    16 ||    16
Dodge: Dodged            |    25 |    30 ||    55

Table legend:
 A = Spawn XP
 B = Non-spawn XP
 C = Spawn XP percentage of total XP
 D = Spawn monster count
 E = Non-spawn monster count
 F = Spawn count percentage of total count
 G = Total turns spent on level
                    A         B        C        D         E        F      G
               +---------+---------+-------+---------+---------+-------+---------
         Total |       0 |     119 |   0.0 |       0 |      47 |   0.0 |  1772
               +---------+---------+-------+---------+---------+-------+---------
           D:1 |       0 |      22 |   0.0 |       0 |      12 |   0.0 |   739
           D:2 |       0 |      43 |   0.0 |       0 |      21 |   0.0 |   627
           D:3 |       0 |      54 |   0.0 |       0 |      14 |   0.0 |   406
               +---------+---------+-------+---------+---------+-------+---------
